 Dungeon Crawl Stone Soup version 0.17-a0-470-g171ef40 (webtiles) character file.

561 SteelSquire the Magician (level 7, -7/48 HPs)
             Began as a Spriggan Conjurer on Apr 6, 2015.
             Mangled by an orc warrior
             ... wielding a +0 scimitar
              (18 damage)
             ... on level 4 of the Dungeon.
             The game lasted 00:31:35 (3990 turns).

SteelSquire the Magician (Spriggan Conjurer)        Turns: 3990, Time: 00:31:35

Health: -7/48      AC:  2    Str:  9    XL:     7   Next: 9%
Magic:  11/27      EV: 18    Int: 18    God:
Gold:   116        SH:  0    Dex: 17    Spells: 2 memorised, 17 levels left

rFire  . . .     SeeInvis +     i - +2 short sword (drain)
rCold  . . .     Clarity  +     j - +0 robe (curse)
rNeg   . . .     SustAb   .     (shield restricted)
rPois  .         Gourm    .     (helmet restricted)
rElec  .         Spirit   .     (no cloak)
rCorr  .         Warding  .     (gloves unavailable)
rMut   .         Stasis   .     (boots unavailable)
MR     +....                    m - amulet of clarity
Stlth  ..........               (no ring)
                                f - ring of magical power

@: berserking, very quick, somewhat resistant to hostile enchantments, extremely
unstealthy
A: unfitting armour, see invisible, herbivore 3, speed 3, slow metabolism 2
a: no special abilities


You were on level 4 of the Dungeon.
You were not hungry.

You visited 1 branch of the dungeon, and saw 4 of its levels.

You collected 116 gold pieces.

Inventory:

Hand weapons
 i - a +2 short sword of draining (weapon)
 k - a +1 dagger of electrocution
 p - a +0 dagger
 r - a +0 short sword
 s - a +2 trident of freezing
Missiles
 l - 13 poisoned needles
Armour
 a - a +0 robe
 j - a cursed +0 robe (worn)
 n - a +0 robe
Jewellery
 f - a ring of magical power (left hand)
 m - an amulet of clarity (around neck)
Scrolls
 d - a scroll of teleportation {unknown}
 e - a scroll of magic mapping {unknown}
 g - a scroll of remove curse {unknown}
 h - a scroll of fog {unknown}
 o - 2 scrolls of identify {unknown}
 t - 3 scrolls of random uselessness {unknown}
 u - a scroll of recharging {unknown}
Potions
 q - a potion of berserk rage
Books
 c - a book of Conjurations

   Spells                             Type                      Level
   a - Magic Dart                     Conjuration                  1
   b - Searing Ray                    Conjuration                  2
   c - Dazzling Spray                 Conjuration/Hexes            3
   d - Fulminant Prism                Conjuration/Hexes            4
   e - Iskenderun's Mystic Blast      Conjuration                  4
   f - Iskenderun's Battlesphere      Conjuration/Charms           5
Comestibles
 b - 3 bread rations


   Skills:
 + Level 0.2 Fighting
 + Level 0.9 Short Blades
 + Level 3.2 Dodging
 + Level 4.4 Stealth
 * Level 7.2 Spellcasting
 + Level 4.3 Conjurations


You had 17 spell levels left.
You knew the following spells:

 Your Spells              Type           Power        Failure   Level  Hunger
a - Magic Dart            Conj           ###.         1%          1    None
b - Searing Ray           Conj           ###...       2%          2    None


Dungeon Overview and Level Annotations

Branches:
Dungeon (4/15)
 Temple: D:4-7

Altars:

Annotations:
D:4 Eustachio


Innate Abilities, Weirdness & Mutations

You are tiny and cannot use many weapons and most armour.
You have supernaturally acute eyesight.
You are a herbivore.
You cover ground extremely quickly.
You need consume almost no food.


Message History

Confirm with . or Enter, or press ? or * to list all spells.
Aiming: Searing Ray
Press: ? - help, Shift-Dir - straight line, f/p - orc warrior
Aim: an orc warrior, wielding a scimitar and wearing a plate armour (heavily wounded)
The searing ray hits the orc warrior.
The orc warrior is heavily wounded.
The searing ray hits the orc warrior.
The orc warrior is heavily wounded.
The searing ray hits the orc warrior.
The orc warrior is severely wounded.
The searing ray hits the orc warrior.
The orc warrior is severely wounded.
The orc warrior closely misses you.
Drink which item? (? for menu, Esc to quit)
It was a potion of berserk rage.
A red film seems to cover your vision as you go berserk!
You feel yourself moving faster!
You feel mighty!
The orc shouts!
The orc warrior hits you with a scimitar!!
You die...

#.....#.........#.##.##
#........
#.....##'##.....#.....#
#........
#.###.##..'..o..#.##..#
#..).....
#'###.##..#.....###...#
####.....
#..+..##..#.....# #..##
#.o...
...#......+.....# #...#
#..o$.
...#....†.#.....# #...#
#.....
...##.##..#....o###...#
#..
+####.##..######@.#####
....'.'.....# #...#
....#.#.....# #...#
############# #####


You could see an orc warrior and an orc.

Vanquished Creatures
  A phantom (D:4)
  An ogre (D:4)
  A scorpion (D:4)
  A hound (D:4)
  An orc wizard (D:4)
  An orc priest (D:4)
  2 worker ants (D:4)
  3 gnolls (D:2)
  9 adders
  2 worms (D:2)
  2 giant geckos (D:1)
  An ooze (D:1)
  7 orcs
  9 bats
  2 giant cockroaches
  11 goblins
  4 hobgoblins
  4 jackals
  9 kobolds
  4 ball pythons
  A giant gecko skeleton (D:4)
  8 giant newts
  11 rats
95 creatures vanquished.

Notes
Turn   | Place    | Note
--------------------------------------------------------------
     0 | D:1      | SteelSquire, the Spriggan Conjurer, began the quest for the Orb.
     0 | D:1      | Reached XP level 1. HP: 9/9 MP: 5/5
   289 | D:1      | Reached XP level 2. HP: 13/13 MP: 6/6
   942 | D:1      | Reached XP level 3. HP: 16/16 MP: 8/8
  1299 | D:2      | Reached skill level 4 in Spellcasting
  1299 | D:2      | Reached XP level 4. HP: 21/21 MP: 6/11
  1550 | D:2      | Learned a level 2 spell: Searing Ray
  1925 | D:2      | Reached skill level 5 in Spellcasting
  1925 | D:2      | Reached XP level 5. HP: 24/24 MP: 13/13
  3374 | D:4      | Reached skill level 6 in Spellcasting
  3374 | D:4      | Reached XP level 6. HP: 19/28 MP: 14/16
  3505 | D:4      | Noticed a phantom
  3507 | D:4      | Noticed an ogre
  3513 | D:4      | Killed an ogre
  3529 | D:4      | Killed a phantom
  3529 | D:4      | Reached skill level 7 in Spellcasting
  3766 | D:4      | Reached XP level 7. HP: 32/32 MP: 18/18
  3885 | D:4      | Noticed Eustachio
  3943 | D:4      | Noticed an orc warrior
  3990 | D:4      | Mangled by an orc warrior

Action                   |  1- 3 |  4- 6 |  7- 9 || total
-------------------------+-------+-------+-------++-------
Melee: Club              |     1 |       |       ||     1
       Whip              |     6 |       |       ||     6
       Short sword       |       |     8 |     2 ||    10
 Cast: Magic Dart        |    82 |   124 |     7 ||   213
       Searing Ray       |       |    17 |     4 ||    21
  Use: Potion            |       |       |     1 ||     1
 Stab: Sleeping          |       |     5 |       ||     5
